AoeStats
← riskybusiness69

Arabia

508128149Analyzed
1v1 RM · 12d ago on Sep 21, 2026· 29m 35s· 2 players
Game mode
Random Map
Map size
Tiny (2 player)
Population
200
Speed
Normal
Resources
Standard
Victory
Conquest
Starting age
Dark Age
Ending age
Imperial Age
RankedLock teamsTeams togetherTeam positionsShared explorationLock speedFull tech treeHidden civsTurbo modeCheats
Victory
Defeat
🇨🇦 Japanese · Canada
1026
+15
🇺🇸 Britons · United States
1000
-45
riskybusiness69
7:15 Loom
10:43 Feudal Age
11:09 Double-Bit Axe
28:01 Castle Age
27:47 Scale Mail Armor
28:10 Pikeman
Woozle
8:25 Loom
10:46 Feudal Age
10:59 Man-at-Arms
11:41 Double-Bit Axe
12:14 Horse Collar
19:57 Castle Age
18:30 Gold Mining
19:56 Arson
20:19 Scale Mail Armor
20:37 Forging
21:18 Bow Saw
21:14 Heavy Plow
22:22 Gold Shaft Mining
23:29 Fletching
23:37 Long Swordsman
24:03 Gambesons
24:19 Squires
28:43 Iron Casting
30:10 Wheelbarrow
29:25 Town Watch
Connection lost

Rejoining the realm…

Still unreachable

The connection could not be restored.

Session expired

The server has moved on; the page needs a fresh start.